AoeStats
← Checkmate++

Nomad

510395098Analyzed
2v2 RM · 11h ago on Sep 30, 2026· 38m 28s· 4 players
Game mode
Random Map
Map size
176×176
Population
200
Speed
Normal
Resources
Standard
Victory
Conquest
Starting age
Dark Age
Ending age
Imperial Age
RankedLock teamsTeams togetherTeam positionsShared explorationLock speedFull tech treeHidden civsTurbo modeCheats
Victory
Defeat
🇲🇽 Varangians · Mexico
1037
+15
🇲🇽 Italians · Mexico
1002
+16
🇿🇦 Danes · South Africa
1171
-21
🇿🇦 Mongols · South Africa
857
-10
Ux'RaulitoMD
2:50 Loom
14:11 Feudal Age
16:21 Scale Barding Armor
16:26 Forging
16:10 Fletching
18:40 Castle Age
16:34 Fletching
17:16 Bloodlines
17:21 Fishing Lines
17:43 Double-Bit Axe
19:38 Wheelbarrow
20:34 Bow Saw
20:15 Horse Collar
21:44 Gillnets
23:54 Medium Warships
24:51 Fletching
25:38 Iron Casting
27:03 Husbandry
28:53 Chain Barding Armor
30:04 Bodkin Arrow
30:39 Vendel Legacy
31:56 Scale Mail Armor
33:54 Heavy Plow
36:25 Hand Cart
36:12 Light Cavalry
MAJEZTAD EZKANOR
16:35 Feudal Age
17:52 Wheelbarrow
17:06 Double-Bit Axe
17:46 Fishing Lines
22:00 Castle Age
19:56 Gold Mining
19:57 Stone Mining
25:28 Hand Cart
30:21 Imperial Age
28:46 Scale Mail Armor
28:56 Forging
31:43 Arson
31:59 Squires
32:21 Conscription
32:18 Chain Mail Armor
32:39 Iron Casting
33:15 Gillnets
33:44 Bow Saw
35:21 Plate Mail Armor
35:52 Blast Furnace
Marcus Aurelius
7:39 Loom
17:08 Feudal Age
19:22 Double-Bit Axe
22:34 Castle Age
24:17 Fletching
24:28 Padded Archer Armor
25:55 Thumb Ring
31:35 Pikeman
Checkmate++
4:50 Loom
13:21 Feudal Age
17:51 Castle Age
17:14 Scale Mail Armor
18:00 Forging
17:47 Town Watch
19:04 Chain Mail Armor
20:04 Squires
19:59 Fishing Lines
21:51 Fletching
25:25 Arson
28:06 Medium Warships
31:24 Bodkin Arrow
32:04 Gold Mining
34:55 Imperial Age
32:23 Double-Bit Axe
Connection lost

Rejoining the realm…

Still unreachable

The connection could not be restored.

Session expired

The server has moved on; the page needs a fresh start.